 Dungeon Crawl Stone Soup version 0.29-a0-88-g03a7b78be7 (webtiles) character file.

Game seed: 5943509534004110704

294 Sweetruy1997 the Conjurer (level 6, 0/51 HPs)
             Began as a Tengu Conjurer on Feb 5, 2022.
             Succumbed to a scorpion's poison
             ... on level 4 of the Dungeon.
             The game lasted 00:08:44 (4461 turns).

Sweetruy1997 the Conjurer (Tengu Conjurer)          Turns: 4461, Time: 00:08:44

Health: 0/51       AC:  2    Str: 10    XL:     6   Next: 34%
Magic:  1/12       EV: 15    Int: 18    God:
Gold:   235        SH:  0    Dex: 12    Spells: 5/11 levels left

rFire   . . .      SeeInvis .   q - staff of cold
rCold   + . .      Faith    .   (no shield)
rNeg    . . .      Spirit   .   a - +0 robe
rPois   .          Reflect  .   (helmet restricted)
rElec   .          Harm     .   (no cloak)
rCorr   .          Rampage  .   (no gloves)
Will    .....                   (boots unavailable)
Stlth   ..........              (no amulet)
HPRegen 0.17/turn               (no ring)
MPRegen 0.13/turn               (no ring)

@: berserking, lethally poisoned (0 -> -7), flying quickly and evasively, very
quick
A: beak, talons 3, nimble flight
a: no special abilities


You were on level 4 of the Dungeon.
You visited 1 branch of the dungeon, and saw 4 of its levels.

You collected 235 gold pieces.

Inventory:

Armour
 a - a +0 robe (worn)
Magical Staves
 q - a staff of cold (weapon)
Wands
 n - a wand of charming (10)
Scrolls
 b - a scroll of identify
 c - 2 scrolls of magic mapping
 g - a scroll of blinking {unknown}
 i - a scroll of teleportation
 j - 2 scrolls of enchant weapon {unknown}
 l - a scroll of brand weapon {unknown}
 m - 2 scrolls of amnesia {unknown}
 o - a scroll of noise {unknown}
Potions
 h - a potion of might {unknown}
 p - a potion of degeneration {unknown}


   Skills:
 + Level 1.2 Fighting
 + Level 0.7 Staves
 + Level 3.1 Dodging
 + Level 2.6 Stealth
 + Level 3.4 Spellcasting
 + Level 7.5 Conjurations
 + Level 0.1 Evocations


You had 5 spell levels left.
You knew the following spells:

 Your Spells              Type           Power      Damage    Failure   Level
a - Magic Dart            Conj           100%       1d8       1%          1
b - Searing Ray           Conj           60%        2d6       1%          2
c - Dazzling Flash        Conj/Hex       32%        N/A       10%         3

Your spell library contained the following spells:

 Spells                   Type           Power      Damage    Failure   Level
 Fulminant Prism          Conj/Hex       8%         3d7       32%         4
 Iskenderun's Mystic Bla  Conj/Tloc      16%        2d5       32%         4
 Inner Flame              Hex/Fire       3%         N/A       43%         3
 Cause Fear               Hex            1%         N/A       83%         4
 Discord                  Hex            1%         N/A       100%        8


Dungeon Overview and Level Annotations

Branches:
Dungeon (4/15)
 Temple: D:4-7

Altars:
Cheibriados

Annotations:
D:4 Grinder


Innate Abilities, Weirdness & Mutations

You have a beak for a mouth.
You have claws for feet.
Your magical nature lets you fly swiftly and evasively.


Message History

Press: ? - help, Shift-Dir - straight line, f/p - orc
Aim: an orc, wielding a +0 short sword (heavily wounded, 79% to hit)
The searing ray hits the orc.
You kill the orc! (Press . to maintain the ray.)
The searing ray hits the centaur!
You kill the centaur!
Your Spellcasting skill increases to level 3!
You have reached level 6!
The searing ray hits the goblin.
You kill the goblin!
You finish channelling your searing ray.
You hit the scorpion but do no damage. The scorpion stings you.
You are lethally poisoned!
The scorpion poisons you!
You hit the scorpion.
The scorpion is moderately wounded.
* * * LOW HITPOINT WARNING * * *
You feel very sick. The scorpion misses you. x2
It was a potion of berserk rage.
A red film seems to cover your vision as you go berserk!
You feel yourself moving faster!
You feel mighty!
* * * LOW HITPOINT WARNING * * *
You feel very sick. The scorpion stings you.
* * * LOW HITPOINT WARNING * * *
You are too berserk!
You hit the scorpion.
You claw the scorpion, but do no damage.
You peck the scorpion!
You kill the scorpion!
* * * LOW HITPOINT WARNING * * *
You feel sick.
An orc wizard comes into view. It is wielding a +0 dagger.
Your Fighting skill increases to level 1!
You barely miss the orc.
The orc wizard shouts!
Your kick misses the orc.
You die...

#.....##......#
#.###.##......#
#.#.#.##......#
#...#.##......#
####.#.##......#
#....#.##......#
#.####.##......# #.#
#..'......### #@#
####........) #o#
.............. #)#
####.#........
.ogo..).................
s.c...o.................
..##############.####...
#.#...... #.#......
#.#......


You could see an orc wizard and an orc.

Vanquished Creatures
  A centaur (D:4)
  A scorpion (D:4)
  A bullfrog skeleton (D:4)
  4 adders
  An ufetubus (D:4)
  An adder skeleton (D:4)
  A worm (D:4)
  2 dart slugs
  An orc (D:4)
  7 ball pythons
  6 endoplasms
  A giant cockroach (D:2)
  11 goblins
  11 hobgoblins
  6 kobolds
  3 quokkas
  5 bats
  5 frilled lizards
  6 rats
74 creatures vanquished.

Vanquished Creatures (collateral kills)
  2 goblins (D:3)
2 creatures vanquished.

Vanquished Creatures (others)
  Robin (D:3)
  4 toadstools (D:1)
5 creatures vanquished.

Grand Total: 81 creatures vanquished

Notes
Turn   | Place    | Note
-------+----------+-------------------------------------------
     0 | D:1      | Sweetruy1997 the Tengu Conjurer began the quest for the
                  | Orb.
     0 | D:1      | Reached XP level 1. HP: 10/10 MP: 4/4
   248 | D:1      | Found a faded altar of an unknown god.
   428 | D:1      | Reached XP level 2. HP: 15/15 MP: 1/6
   491 | D:1      | Learned a level 2 spell: Searing Ray
   929 | D:1      | Reached skill level 6 in Conjurations
  1052 | D:1      | Reached XP level 3. HP: 13/19 MP: 0/7
  2170 | D:2      | Learned a level 3 spell: Dazzling Flash
  2859 | D:3      | Reached XP level 4. HP: 24/24 MP: 5/8
  3190 | D:3      | Noticed Robin
  3225 | D:3      | Your ally Robin died
  3544 | D:3      | Found a snail-covered altar of Cheibriados.
  3986 | D:4      | Noticed Grinder
  3986 | D:4      | Paralysed by Grinder for 2 turns
  4172 | D:4      | Reached skill level 7 in Conjurations
  4180 | D:4      | Gained mutation: Your magical nature lets you fly swiftly
                  | and evasively. [Tengu growth]
  4180 | D:4      | Reached XP level 5. HP: 28/28 MP: 5/10
  4442 | D:4      | Noticed a centaur
  4453 | D:4      | Killed a centaur
  4454 | D:4      | Reached XP level 6. HP: 12/33 MP: 2/11
  4460 | D:4      | HP: 2/49 [poisoned by a scorpion]
  4461 | D:4      | Reached skill level 1 in Fighting
  4461 | D:4      | Succumbed to a scorpion's poison

Illustrated notes

Levels and vault maps discovered:
D:1:      ldierk_walled_garden_2, layout_loops_corners,
          shapermc_ecumenical_altar_mp_vishouse, due_unseen_surprise
D:2:      layout_basic, chequers_avenue
D:3:      layout_loops_corners, kennysheep_slug_shrine, uniq_robin
D:4:      layout_basic, mainiacjoe_overflow_alcove_1, minivault_26, uniq_grinder

Skill      XL: |  1  2  3  4  5  6 |
---------------+-------------------+-----
Conjurations   | 6 7 |  7.5
Dodging        | 3 |  3.1
Spellcasting   | 3 |  3.4
Fighting       | 1 |  1.2
Staves         | |  0.7
Stealth        | |  2.6
Evocations     | |  0.1

Action                   |  1- 3 |  4- 6 || total
-------------------------+-------+-------++-------
Melee: Unarmed           |     8 |       ||     8
       Kick              |     3 |     3 ||     6
       Club              |     9 |       ||     9
       Peck              |     2 |     3 ||     5
       Dagger            |       |    10 ||    10
       Staff             |       |    13 ||    13
 Cast: Magic Dart        |    65 |    57 ||   122
       Searing Ray       |       |     3 ||     3
Evoke: Wand              |       |     1 ||     1
  Use: Potion            |       |     3 ||     3
       Scroll            |       |     2 ||     2
Armor: Robe              |     4 |     2 ||     6
Dodge: Dodged            |    17 |    27 ||    44

Table legend: (Time is in decaauts)
 A = Elapsed time spent in this place.
 B = Non-inter-level travel time spent in this place.
 C = Inter-level travel time spent in this place.
 D = Time resting spent in this place.
 E = Time spent auto-exploring this place.
 F = Levels seen in this place.
 G = Mean time per level.
                   A        B        C        D        E       F      G
               +--------+--------+--------+--------+--------+-----+--------+
         Total |   4457 |   4276 |    181 |    204 |   3664 |   4 | 1114.2 |
       Dungeon |   4457 |   4276 |    181 |    204 |   3664 |   4 | 1114.2 |
               +--------+--------+--------+--------+--------+-----+--------+

Top non-repeatable levels by time:
     D:1: 1477 daAuts
     D:3: 1159 daAuts
     D:2: 1138 daAuts
     D:4: 681 daAuts
